 Dungeon Crawl Stone Soup version 0.22-a0-469-gf26638a71f (webtiles) character file.

159 Foic the Caller (level 5, -3/35 HPs)
             Began as a Barachi Summoner on June 12, 2018.
             Killed from afar by an orc wizard (5 damage)
             ... with a magic dart
             ... on level 4 of the Dungeon.
             The game lasted 00:47:33 (4359 turns).

Foic the Caller (Barachi Summoner)                  Turns: 4359, Time: 00:47:34

Health: -3/35      AC:  2    Str:  9    XL:     5   Next: 40%
Magic:  5/10       EV: 13    Int: 16    God:
Gold:   105        SH:  0    Dex: 13    Spells: 5/11 levels left

rFire    . . .     SeeInvis .   b - +0 short sword
rCold    . . .     Gourm    .   (no shield)
rNeg     . . .     Faith    .   a - +0 robe
rPois    .         Spirit   .   (no helmet)
rElec    .         Reflect  .   (no cloak)
rCorr    .         Harm     .   (no gloves)
MR       .....                  (no boots)
Stlth    ++........             u - amulet of rage
HPRegen  0.11/turn              (no ring)
MPRegen  0.12/turn              (no ring)

@: slow
A: +LOS, swims, slowness 1, strong legs 1
a: Hop, Evoke Berserk Rage


You were on level 4 of the Dungeon.
You were not hungry.

You visited 1 branch of the dungeon, and saw 4 of its levels.

You collected 105 gold pieces.

Inventory:

Hand Weapons
 b - a +0 short sword (weapon)
 q - a +0 shortbow
Missiles
 d - 79 stones (quivered)
 h - a throwing net
Armour
 a - a +0 robe (worn)
Jewellery
 u - an amulet of rage (around neck)
Scrolls
 e - 3 scrolls of identify
 g - a scroll of blinking {unknown}
 i - 4 scrolls of fear {unknown}
 j - 3 scrolls of remove curse {unknown}
 l - a scroll of immolation {unknown}
 o - a scroll of amnesia {unknown}
 r - a scroll of magic mapping {unknown}
 v - a scroll of fog {unknown}
Potions
 f - a potion of agility {unknown}
 k - a potion of resistance {unknown}
 m - a potion of berserk rage {unknown}
 n - 2 potions of curing
 p - a potion of haste {unknown}
 s - a potion of heal wounds {unknown}
 t - a potion of magic {unknown}
Comestibles
 c - 6 rations


   Skills:
 + Level 2.6 Dodging
 + Level 2.0 Stealth
 + Level 3.9 Spellcasting
 * Level 6.3 Summonings


You had 5 spell levels left.
You knew the following spells:

 Your Spells              Type           Power        Failure   Level  Hunger
a - Summon Small Mammal   Summ           ###.         1%          1    None
b - Call Imp              Summ           ###.....     1%          2    ##.....
c - Call Canine Familiar  Summ           ###.....     3%          3    ###....

Your spell library contained the following spells:

 Spells                   Type           Power        Failure   Level  Hunger
 Summon Ice Beast         Ice/Summ       ##......     41%         4    ####...
 Summon Lightning Spire   Summ/Air       ##......     41%         4    ####...
 Summon Guardian Golem    Hex/Summ       ##......     14%         3    ###....


Dungeon Overview and Level Annotations

Branches:
Dungeon (4/15)
 Temple: D:4-7

Altars:
Cheibriados
Fedhas
Yredelemnul

Annotations:
D:2 exclusion: oklob plant
D:3 Sigmund


Innate Abilities, Weirdness & Mutations

Shadows flee at your approach. (+LOS)
You can swim through water.
You cover ground slowly.
You can hop short distances.


Message History

The orc wizard hits your crimson imp but does no damage.
The orc priest hits your crimson imp.
Your crimson imp hits the orc priest but does no damage.
The orc wizard gestures at you while chanting.
The magic dart hits you!
* * * LOW HITPOINT WARNING * * *
The quokka misses your crimson imp.
The orc priest hits your crimson imp but does no damage.
Your crimson imp hits the orc priest but does no damage.
The quokka barely misses your crimson imp.
The orc wizard gestures wildly while chanting.
The orc wizard seems to speed up.
The orc priest misses your crimson imp.
Your crimson imp blinks!
Your crimson imp hits the orc wizard but does no damage.
The quokka completely misses your crimson imp.
An adder comes into view.
The adder hisses angrily.
The orc wizard points at you and mumbles some strange words.
The magic dart hits you!
You die...

#...####..)........#
#...##..........<#.#
...#.....5..........#.#
........r.o.o.......# .
####....o####.##o...# ##
.....#...####.##...##
.....#.........o...#
.....#.#...##.##...#
...#.#.#.#.##..#@..#
...+...#.#.....#.........
...##..#.####.........#..
.# #..... ..........#
.#.[####.# #.#..# ... .
.S.. ... # .... .. ....)


You could see an orc wizard, an adder and an orc.

Vanquished Creatures
  A kobold (D:1)
  A rat (D:2)
2 creatures vanquished.

Vanquished Creatures (collateral kills)
  A sky beast (D:4)
  A hound (D:4)
  A worker ant (D:4)
  A worker ant zombie (D:3)
  4 adders
  2 oozes (D:2)
  An adder zombie (D:3)
  A worm (D:1)
  3 dart slugs
  3 leopard geckos
  7 orcs
  8 bats
  A giant cockroach (D:2)
  6 goblins
  8 hobgoblins
  3 jackals (D:2)
  6 kobolds
  3 quokkas
  4 frilled lizards
  6 rats
  A fungus (D:2)
  A plant (D:2)
72 creatures vanquished.

Grand Total: 74 creatures vanquished

Notes
Turn   | Place    | Note
-------+----------+-------------------------------------------
     0 | D:1      | Foic the Barachi Summoner began the quest for the Orb.
     0 | D:1      | Reached XP level 1. HP: 13/13 MP: 3/3
   250 | D:1      | Reached skill level 5 in Summonings
   588 | D:1      | Reached XP level 2. HP: 12/19 MP: 3/5
   697 | D:1      | Learned a level 2 spell: Call Imp
  1360 | D:2      | Reached XP level 3. HP: 23/24 MP: 4/7
  1415 | D:2      | Learned a level 3 spell: Call Canine Familiar
  1922 | D:2      | Found a blossoming altar of Fedhas.
  1931 | D:2      | Noticed an oklob plant
  2591 | D:3      | Noticed Sigmund
  2729 | D:3      | Reached XP level 4. HP: 27/30 MP: 8/8
  2998 | D:3      | Found a snail-covered altar of Cheibriados.
  3988 | D:3      | Found a basalt altar of Yredelemnul.
  4071 | D:3      | HP: 1/30 [orc priest/divine providence (10)]
  4082 | D:4      | HP: 1/30 [hound (1)]
  4085 | D:4      | Noticed a sky beast
  4087 | D:4      | Reached skill level 6 in Summonings
  4114 | D:4      | Killed a sky beast
  4114 | D:4      | Reached XP level 5. HP: 15/35 MP: 0/10
  4353 | D:4      | HP: 1/35 [orc wizard/magic dart (6)]
  4359 | D:4      | Killed from afar by an orc wizard

Vault maps used:
D:1:      lightli_arrival_lavapool
D:2:      tgw_fedhas
D:3:      grunt_temple_overflow_champion_of_chaos, kennysheep_ying_yang,
          serial_undead, serial_undead_d, serial_undead_e, serial_undead_f,
          serial_undead_e, kennysheep_slug_shrine, uniq_sigmund
D:4:      corexii_shack_village

Skill      XL: |  1  2  3  4 |
---------------+-------------+-----
Summonings     | 5 6 |  6.3
Spellcasting   | 3 |  3.9
Stealth        | 2 |  2.0
Dodging        | |  2.6

Action                   |  1- 3 |  4- 6 || total
-------------------------+-------+-------++-------
Melee: Short sword       |     4 |       ||     4
 Cast: Summon Small Mamm |    43 |       ||    43
       Call Imp          |    15 |    11 ||    26
       Call Canine Famil |    13 |    15 ||    28
  Use: Potion            |       |     1 ||     1
       Scroll            |       |     1 ||     1
  Eat: Chunk             |     9 |     5 ||    14
       Ration            |       |     1 ||     1
Armor: Robe              |    19 |     1 ||    20
Dodge: Dodged            |    36 |    17 ||    53

Table legend:
 A = Spawn XP
 B = Non-spawn XP
 C = Spawn XP percentage of total XP
 D = Spawn monster count
 E = Non-spawn monster count
 F = Spawn count percentage of total count
 G = Total turns spent on level
                    A         B        C        D         E        F      G
               +---------+---------+-------+---------+---------+-------+---------
         Total |       0 |     228 |   0.0 |       0 |      72 |   0.0 |  4359
               +---------+---------+-------+---------+---------+-------+---------
           D:1 |       0 |      20 |   0.0 |       0 |      17 |   0.0 |  1280
           D:2 |       0 |      55 |   0.0 |       0 |      28 |   0.0 |  1803
           D:3 |       0 |      45 |   0.0 |       0 |      22 |   0.0 |   994
           D:4 |       0 |     108 |   0.0 |       0 |       5 |   0.0 |   282
               +---------+---------+-------+---------+---------+-------+---------
